[Event "Titled Tuesday Blitz April 05 Late 2022"]
[White "Araujo Sanchez, Josue"]
[Black "Ibarra Jerez, Jose Carlos"]
[WhiteFideId "6416896"]
[BlackFideId "2226332"]
[WhiteElo "2339"]
[BlackElo "2626"]
[Result "0-1"]
[Round "04"]
[TimeControl "180+1"]
[Date "2022.04.05"]
[WhiteClock "0:02:04"]
[BlackClock "0:01:34"]

1. e4 c5 2. Nf3 e6 3. c3 Nf6 4. d3 d5 5. Nbd2 Nc6 6. Be2 g6 7. O-O Bg7 8. exd5 Nxd5 9. Re1 O-O 10. Bf1 b6 11. a4 Bb7 12. Nc4 Qc7 13. g3 Rad8 14. Bg2 Ba6 15. Qc2 Ndb4 16. cxb4 Nxb4 17. Qb1 Nxd3 18. Ne3 Nxe1 19. Nxe1 Rd7 20. a5 b5 21. Qc2 Rfd8 22. Nf3 c4 23. h4 b4 24. h5 b3 25. Qe4 c3 26. bxc3 Qxc3 27. Rb1 Bd3 0-1


[Site "https://www.chess.com"]

[Event "Titled Tuesday Blitz April 05 Late 2022"]
[White "Arnold, Ken"]
[Black "Yurtseven, Melih"]
[WhiteFideId "2056836"]
[BlackFideId "6312160"]
[WhiteElo "2209"]
[BlackElo "2160"]
[Result "1-0"]
[Round "04"]
[TimeControl "180+1"]
[Date "2022.04.06"]
[WhiteClock "0:02:27"]
[BlackClock "0:01:37"]

1. e4 e5 2. Nf3 Nc6 3. Bc4 Nf6 4. d3 h6 5. h3 d6 6. O-O g5 7. c3 g4 8. hxg4 Bxg4 9. d4 a6 10. Qb3 Bxf3 11. Bxf7+ Kd7 12. Qe6# 1-0


[Site "https://www.chess.com"]

[Event "Titled Tuesday Blitz April 05 Late 2022"]
[White "Baches Garcia, Guillermo"]
[Black "Barbosa, Evandro Amorim"]
[WhiteFideId "2209764"]
[BlackFideId "2115824"]
[WhiteElo "2506"]
[BlackElo "2669"]
[Result "1-0"]
[Round "04"]
[TimeControl "180+1"]
[Date "2022.04.06"]
[WhiteClock "0:00:04"]
[BlackClock "0:00:01"]

1. e4 c5 2. Nf3 e6 3. c4 Nc6 4. d4 cxd4 5. Nxd4 Nf6 6. Nc3 Bb4 7. Nxc6 bxc6 8. Bd3 e5 9. O-O Bc5 10. h3 d6 11. Re1 Be6 12. Be3 Nd7 13. Na4 Bxe3 14. Rxe3 O-O 15. Bf1 Rb8 16. b3 Qc7 17. Rd3 Nf6 18. Nc3 Rfd8 19. Qd2 Ne8 20. Rd1 Rdc8 21. Rg3 Qe7 22. Qe3 g6 23. Rd2 Kg7 24. Qe1 h5 25. Rgd3 h4 26. Qd1 Qg5 27. Be2 Rc7 28. Kh1 Kh8 29. Bf1 Re7 30. Qe1 Rbb7 31. Qe3 Qxe3 32. Rxe3 f5 33. exf5 gxf5 34. c5 f4 35. Re1 Bf5 36. cxd6 Red7 37. Rxe5 Nxd6 38. Rxd6 Rxd6 39. Rxf5 Re7 40. Kh2 Re1 41. Bc4 Rd2 42. Rxf4 Rc2 43. Rxh4+ Kg7 44. Rg4+ Kf8 45. Ne4 Rxa2 46. h4 Raa1 47. Kg3 Rh1 48. f3 a5 49. Kf4 Rac1 50. Ke5 a4 51. Kf6 Ke8 52. Be6 Kd8 53. Kg6 a3 54. b4 Rc2 55. Rg5 a2 56. Bxa2 Rxa2 57. h5 Rb2 58. h6 Rxb4 59. h7 Rb7 60. Nf6 Re7 61. Nh5 Re8 62. Kg7 Re7+ 63. Kg8 Rxh7 64. Kxh7 Kc7 65. g4 Kd6 66. Kg6 c5 67. Kf6 c4 68. Rg8 Kd7 69. Rg7+ Kd6 70. Rg8 Kd7 71. Rg5 Kd6 72. Rg7 c3 73. Rg8 Kd7 74. Rg7+ Kd6 75. Rg8 c2 76. Rc8 c1=Q 77. Rxc1 Rxc1 78. f4 Rf1 79. g5 Kd7 80. g6 Ke8 81. g7 Rg1 82. f5 Rg2 83. Nf4 Rg1 84. Ng6 1-0


[Site "https://www.chess.com"]

[Event "Titled Tuesday Blitz April 05 Late 2022"]
[White "Bachmann, Axel"]
[Black "Sapunov, Evgeny"]
[WhiteFideId "3700488"]
[BlackFideId "4126661"]
[WhiteElo "2522"]
[BlackElo "2714"]
[Result "0-1"]
[Round "04"]
[TimeControl "180+1"]
[Date "2022.04.06"]
[WhiteClock "0:00:01"]
[BlackClock "0:00:07"]

1. d4 Nf6 2. g3 d5 3. Nf3 c6 4. c4 dxc4 5. Bg2 b5 6. O-O Bb7 7. b3 cxb3 8. Qxb3 e6 9. Nc3 Nbd7 10. Rd1 Be7 11. Ne5 Qb6 12. a4 a6 13. a5 Qc7 14. Bf4 Bd6 15. Rac1 Nxe5 16. dxe5 Bxe5 17. Bxe5 Qxe5 18. Qa3 Qc7 19. Ne4 Nxe4 20. Bxe4 Qe7 21. Qf3 O-O 22. Bxc6 Bxc6 23. Rxc6 h6 24. Rdd6 Rfb8 25. Rb6 Qc7 26. Rdc6 Qd8 27. Rxa6 Rxa6 28. Rxa6 b4 29. Qb3 Qd4 30. e3 Qc5 31. h4 h5 32. Kg2 g6 33. Kg1 Kg7 34. Kg2 Qb5 35. Qb2+ Kg8 36. Ra7 Qc5 37. Ra6 Rd8 38. Kh2 Rd1 0-1


[Site "https://www.chess.com"]

[Event "Titled Tuesday Blitz April 05 Late 2022"]
[White "Baker, Chris W"]
[Black "Buchenau, Frank"]
[WhiteFideId "401676"]
[BlackFideId "4604350"]
[WhiteElo "2150"]
[BlackElo "2193"]
[Result "0-1"]
[Round "04"]
[TimeControl "180+1"]
[Date "2022.04.06"]
[WhiteClock "0:00:48"]
[BlackClock "0:01:06"]

1. e4 e6 2. Nf3 d5 3. Nc3 Nf6 4. e5 Nfd7 5. d4 c5 6. dxc5 Nc6 7. Bf4 Bxc5 8. Bd3 f6 9. exf6 Qxf6 10. Bg3 O-O 11. O-O Nd4 12. Nxd4 Bxd4 13. Qe2 Nc5 14. Rad1 Bd7 15. Bb5 Bxc3 16. Bxd7 Nxd7 17. bxc3 Rac8 18. Rd3 Nc5 19. Rf3 Qe7 20. Be5 Rxf3 21. Qxf3 Ne4 22. Qe3 b6 23. f3 Nd6 24. Re1 Nc4 25. Qd4 Rc6 26. h3 Nxe5 27. Qxe5 Qc5+ 28. Kh2 Qxc3 29. Qxc3 Rxc3 30. Rxe6 Rxc2 31. a4 Ra2 32. Rd6 Rxa4 33. Rxd5 Kf7 34. Rd6 b5 35. Rc6 a5 36. Rb6 Rb4 37. Rb7+ Kf6 38. Rb6+ Kf5 39. Rb7 a4 40. Rxg7 a3 0-1


[Site "https://www.chess.com"]

[Event "Titled Tuesday Blitz April 05 Late 2022"]
[White "Bazeev, German"]
[Black "Romanchuk, Viktor"]
[WhiteFideId "24119350"]
[BlackFideId "14109271"]
[WhiteElo "2493"]
[BlackElo "2242"]
[Result "1-0"]
[Round "04"]
[TimeControl "180+1"]
[Date "2022.04.05"]
[WhiteClock "0:00:12"]
[BlackClock "0:00:01"]

1. d4 d5 2. Nf3 Nf6 3. c4 c6 4. Qc2 dxc4 5. e4 Bg4 6. Bxc4 e6 7. Be3 Nbd7 8. Nc3 Bb4 9. Nd2 Bh5 10. f3 O-O 11. g4 Bg6 12. h4 h5 13. gxh5 Nxh5 14. O-O-O b5 15. Bd3 a6 16. Kb1 c5 17. dxc5 Bxc5 18. Bxc5 Nxc5 19. Nb3 Nxb3 20. axb3 Qc7 21. Ne2 Qe5 22. Qc3 Qb8 23. Qc5 Rc8 24. Qg5 Rd8 25. Rhg1 Ra7 26. Bc2 Rad7 27. Rxd7 Rxd7 28. f4 Qd8 29. f5 exf5 30. exf5 Qxg5 31. hxg5 Rd2 32. Nc3 Rxc2 33. Kxc2 Bxf5+ 34. Kd2 g6 35. Nd5 Kg7 36. Nc7 Nf4 37. Nxa6 Be6 38. Nc5 Bf5 39. Ke3 Nd5+ 40. Kf3 Nb4 41. Ra1 Nc6 42. Ke3 1-0


[Site "https://www.chess.com"]

[Event "Titled Tuesday Blitz April 05 Late 2022"]
[White "Bellissimo, Joseph F."]
[Black "Korchmar, Vasiliy"]
[WhiteFideId "2609843"]
[BlackFideId "24131750"]
[WhiteElo "2061"]
[BlackElo "2370"]
[Result "0-1"]
[Round "04"]
[TimeControl "180+1"]
[Date "2022.04.05"]
[WhiteClock "0:00:18"]
[BlackClock "0:01:11"]

1. e4 c5 2. Nf3 d6 3. d4 cxd4 4. Qxd4 Nc6 5. Bb5 a6 6. Bxc6+ bxc6 7. Nc3 e5 8. Qd3 Nf6 9. Bg5 h6 10. Bxf6 Qxf6 11. O-O-O Be7 12. Nd2 Be6 13. Nc4 Rd8 14. Ne3 Qxf2 15. Rdf1 Qxe3+ 16. Qxe3 Bg5 17. Qxg5 hxg5 18. Rf2 Ke7 19. Nd1 Rh4 20. Re1 Rxh2 21. Ne3 g6 22. c4 Rdh8 23. Kc2 R8h4 24. Kd3 Rf4 25. Rd2 f5 26. exf5 gxf5 27. Kc3 Re4 28. b4 f4 29. Nc2 Rxc4+ 30. Kb2 f3 31. Rg1 Bf5 32. Ne3 Rxb4+ 33. Kc3 Rf4 34. g3 Rxd2 35. Kxd2 Rd4+ 36. Kc3 Be6 37. Rb1 g4 38. Rb7+ Kf6 39. Rb6 Re4 40. Kd3 Rd4+ 41. Kc3 f2 42. Rb2 Rc4+ 43. Kd3 e4+ 44. Ke2 Ra4 45. Kxf2 Kg5 46. Rb6 Rxa2+ 47. Kg1 Ra1+ 48. Kh2 Ra2+ 49. Ng2 Bd5 50. Rb8 e3 51. Kh1 Bxg2+ 52. Kg1 Bd5 53. Kf1 Bc4+ 54. Kg1 Ra1+ 55. Kh2 Bd5 56. Re8 Rh1# 0-1


[Site "https://www.chess.com"]

[Event "Titled Tuesday Blitz April 05 Late 2022"]
[White "Bortnyk, Olexandr"]
[Black "Kohler, Aran"]
[WhiteFideId "14120828"]
[BlackFideId "1002856"]
[WhiteElo "2931"]
[BlackElo "2315"]
[Result "1-0"]
[Round "04"]
[TimeControl "180+1"]
[Date "2022.04.06"]
[WhiteClock "0:02:48"]
[BlackClock "0:01:20"]

1. d4 d5 2. Nc3 c6 3. Bf4 Nf6 4. e3 a6 5. Nf3 Bg4 6. h3 Bxf3 7. Qxf3 e6 8. Bd3 c5 9. O-O c4 10. Be2 Nc6 11. Rad1 b5 12. a3 Bd6 13. Bg5 h6 14. Bh4 g5 15. Bg3 O-O 16. Bxd6 Qxd6 17. Qxf6 Kh7 18. e4 Rg8 19. exd5 exd5 20. Qxd6 Kh8 21. Qxh6# 1-0


[Site "https://www.chess.com"]

[Event "Titled Tuesday Blitz April 05 Late 2022"]
[White "Bowden, Karl"]
[Black "Ambartsumova, Karina"]
[WhiteFideId "400548"]
[BlackFideId "4166299"]
[WhiteElo "2352"]
[BlackElo "2583"]
[Result "0-1"]
[Round "04"]
[TimeControl "180+1"]
[Date "2022.04.06"]
[WhiteClock "0:00:03"]
[BlackClock "0:00:39"]

1. e4 e5 2. Nf3 Nc6 3. Bb5 a6 4. Ba4 Nf6 5. d4 Nxd4 6. Nxd4 exd4 7. e5 Ne4 8. Qxd4 Nc5 9. O-O Nxa4 10. Qxa4 Be7 11. Qg4 g6 12. Bh6 d5 13. Qe2 Be6 14. Rd1 Qd7 15. Nc3 O-O-O 16. Nxd5 Bxd5 17. c4 Qe6 18. cxd5 Rxd5 19. Rxd5 Qxd5 20. b3 Re8 21. Bg7 Bc5 22. Rd1 Qe6 23. Qf3 h5 24. h3 Be7 25. Qe3 Kb8 26. Qf3 Rd8 27. Rxd8+ Bxd8 28. Qd3 Be7 29. Qd4 c5 30. Qe3 b5 31. Kf1 c4 0-1


[Site "https://www.chess.com"]

[Event "Titled Tuesday Blitz April 05 Late 2022"]
[White "Cagara, Paulina"]
[Black "Filgueiras, Nathan Felipe"]
[WhiteFideId "1124870"]
[BlackFideId "2188562"]
[WhiteElo "1780"]
[BlackElo "1994"]
[Result "1-0"]
[Round "04"]
[TimeControl "180+1"]
[Date "2022.04.06"]
[WhiteClock "0:00:10"]
[BlackClock "0:00:04"]

1. e4 c5 2. Nc3 d6 3. g3 g6 4. Bg2 Bg7 5. Nge2 Nc6 6. O-O e6 7. d3 Nge7 8. f4 O-O 9. g4 f5 10. gxf5 exf5 11. Be3 Nd4 12. Ng3 Rb8 13. a4 a6 14. a5 Nec6 15. Nd5 Nxa5 16. c3 Ndb3 17. Ra3 fxe4 18. dxe4 c4 19. Bb6 Qh4 20. Bxa5 Bg4 21. Qc2 Be6 22. f5 Bxd5 23. exd5 Be5 24. fxg6 Bxg3 25. gxh7+ Kh8 26. Rxf8+ Rxf8 27. hxg3 Qxg3 28. Qe2 Nc1 29. Qd2 Nd3 30. Bb6 Kxh7 31. Ra1 Re8 32. Rf1 Qg4 33. Qd1 Re2 34. Bf2 Nxf2 35. Rxf2 1-0


[Site "https://www.chess.com"]

[Event "Titled Tuesday Blitz April 05 Late 2022"]
[White "Calderon, Zachary"]
[Black "Hernandez Bermudez, Ulises Eduardo"]
[WhiteFideId "2076969"]
[BlackFideId "3902510"]
[WhiteElo "2293"]
[BlackElo "2056"]
[Result "0-1"]
[Round "04"]
[TimeControl "180+1"]
[Date "2022.04.06"]
[WhiteClock "0:00:22"]
[BlackClock "0:01:22"]

1. Nf3 Nf6 2. c4 c5 3. d4 cxd4 4. Nxd4 e6 5. Nc2 d5 6. Nc3 Nc6 7. cxd5 exd5 8. Bg5 Bc5 9. e3 Be6 10. Be2 O-O 11. O-O Be7 12. Nd4 Nxd4 13. Qxd4 a6 14. Bf3 h6 15. Bf4 Rc8 16. Rac1 b5 17. Rfd1 Qd7 18. Qb6 Rc6 19. Qd4 Rfc8 20. Ne2 Rc4 21. Rxc4 Rxc4 22. Qb6 Qc8 23. Nd4 Nd7 24. Qxa6 Qxa6 25. Nxe6 fxe6 26. h3 0-1


[Site "https://www.chess.com"]

[Event "Titled Tuesday Blitz April 05 Late 2022"]
[White "Chernobay, Artem"]
[Black "Zhigalko, Sergei"]
[WhiteFideId "4167406"]
[BlackFideId "13502956"]
[WhiteElo "2473"]
[BlackElo "2662"]
[Result "1-0"]
[Round "04"]
[TimeControl "180+1"]
[Date "2022.04.05"]
[WhiteClock "0:00:15"]
[BlackClock "0:00:02"]

1. e4 c5 2. Nf3 Nc6 3. d4 cxd4 4. Nxd4 Nf6 5. Nc3 e5 6. Ndb5 d6 7. Bg5 a6 8. Bxf6 gxf6 9. Na3 b5 10. Nd5 Bg7 11. c3 f5 12. exf5 Bxf5 13. Nc2 Be6 14. Nce3 Ne7 15. g3 Nxd5 16. Nxd5 O-O 17. Bg2 a5 18. O-O Rb8 19. a3 Kh8 20. Qd2 f5 21. f4 Qd7 22. Kh1 e4 23. Rad1 Qf7 24. g4 fxg4 25. Bxe4 Qh5 26. Qg2 Bg8 27. f5 Bxd5 28. Rxd5 Be5 29. f6 b4 30. axb4 axb4 31. Ra5 bxc3 32. bxc3 Rb3 33. Ra7 h6 34. Rh7+ Kg8 35. f7+ Rxf7 36. Rhxf7 Qxf7 37. Rxf7 Kxf7 38. Bd5+ 1-0


[Site "https://www.chess.com"]

[Event "Titled Tuesday Blitz April 05 Late 2022"]
[White "Chernomordik, Pavel"]
[Black "Najer, Evgeniy"]
[WhiteFideId "2804530"]
[BlackFideId "4118987"]
[WhiteElo "2456"]
[BlackElo "2630"]
[Result "0-1"]
[Round "04"]
[TimeControl "180+1"]
[Date "2022.04.06"]
[WhiteClock "0:00:01"]
[BlackClock "0:00:04"]

1. e4 c6 2. Nc3 d5 3. Nf3 Bg4 4. h3 Bxf3 5. Qxf3 Nf6 6. d3 e6 7. Qg3 h5 8. Bg5 Qb6 9. O-O-O d4 10. Nb1 Qa5 11. a3 Na6 12. Bd2 Qb5 13. f4 Nc5 14. Qf2 O-O-O 15. b3 Qa6 16. Bb4 h4 17. Kb2 Qb5 18. Qe1 Na6 19. Bxf8 Rdxf8 20. c4 Qb6 21. Ka2 Rd8 22. Nd2 Qc7 23. e5 Nd7 24. Nf3 Ndc5 25. Nxh4 Qb6 26. Rb1 Kb8 27. Nf3 Nc7 28. Ng5 Rd7 29. Ne4 a5 30. Nxc5 Qxc5 31. b4 axb4 32. Qxb4 Na6 33. Qb3 Ka7 34. Be2 Ra8 35. Rb2 Kb8 36. Rhb1 Ra7 37. Bf3 Kc8 38. Qb6 Qxb6 39. Rxb6 Nc5 40. Be2 Kc7 41. R6b4 Rd8 42. h4 Rda8 43. Kb2 Rxa3 44. Kc2 Rc3+ 45. Kd2 Raa3 0-1


[Site "https://www.chess.com"]

[Event "Titled Tuesday Blitz April 05 Late 2022"]
[White "Clawitter, Craig"]
[Black "Golubev, Mikhail"]
[WhiteFideId "2023105"]
[BlackFideId "14100983"]
[WhiteElo "2229"]
[BlackElo "2374"]
[Result "0-1"]
[Round "04"]
[TimeControl "180+1"]
[Date "2022.04.06"]
[WhiteClock "0:00:30"]
[BlackClock "0:01:47"]

1. e4 c5 2. Nf3 d6 3. d4 cxd4 4. Nxd4 Nf6 5. Nc3 g6 6. Be3 Bg7 7. f3 Nc6 8. Qd2 O-O 9. Bc4 Bd7 10. O-O-O Rb8 11. Bb3 Na5 12. Bh6 Nxb3+ 13. axb3 Qa5 14. Kb1 Bxh6 15. Qxh6 b5 16. g4 b4 17. Nd5 Nxd5 18. exd5 Rb6 19. Nf5 Bxf5 20. gxf5 Ra6 21. Kc1 Qa1+ 22. Kd2 Qxb2 23. Rhe1 Qd4+ 24. Ke2 Qe5+ 25. Kf1 Qxf5 26. Rxe7 Qxc2 27. Rde1 Ra2 28. R1e2 Qxb3 29. Re8 Qxf3+ 30. Ke1 Ra1+ 31. Kd2 Qc3# 0-1


[Site "https://www.chess.com"]

[Event "Titled Tuesday Blitz April 05 Late 2022"]
[White "Constantinou, Peter"]
[Black "Potapova, Margarita"]
[WhiteFideId "413038"]
[BlackFideId "14126869"]
[WhiteElo "2386"]
[BlackElo "2620"]
[Result "1-0"]
[Round "04"]
[TimeControl "180+1"]
[Date "2022.04.06"]
[WhiteClock "0:00:12"]
[BlackClock "0:00:03"]

1. b3 b6 2. e4 Bb7 3. Nc3 c5 4. Nf3 d6 5. Bb2 Nf6 6. Bb5+ Nbd7 7. Qe2 a6 8. Bxd7+ Nxd7 9. O-O-O e5 10. Nd5 Nf6 11. Nxf6+ Qxf6 12. Kb1 Be7 13. d3 O-O 14. g4 Qe6 15. Rhg1 a5 16. h4 a4 17. Ng5 Qd7 18. f4 exf4 19. Qf2 d5 20. Qxf4 f6 21. Nf3 d4 22. Qg3 Bd6 23. Qg2 Bf4 24. Nd2 Bc6 25. Rgf1 Bc7 26. Rf5 b5 27. Rdf1 Ba5 28. g5 fxg5 29. Qxg5 Rxf5 30. Rxf5 axb3 31. Nxb3 Bb6 32. Nxc5 Qa7 33. a3 Re8 34. Bxd4 Rd8 35. Bb2 Rc8 36. Ne6 g6 37. h5 Qd7 38. hxg6 Qxe6 39. gxh7+ Kxh7 40. Qg7# 1-0


[Site "https://www.chess.com"]

[Event "Titled Tuesday Blitz April 05 Late 2022"]
[White "Curtis, John"]
[Black "Derraugh, Geordie"]
[WhiteFideId "3200256"]
[BlackFideId "2603950"]
[WhiteElo "2203"]
[BlackElo "2116"]
[Result "1-0"]
[Round "04"]
[TimeControl "180+1"]
[Date "2022.04.06"]
[WhiteClock "0:00:18"]
[BlackClock "0:01:27"]

1. e4 c5 2. Nf3 d6 3. d4 cxd4 4. Nxd4 Nf6 5. Nc3 a6 6. Bg5 e6 7. Qf3 Be7 8. O-O-O Nbd7 9. Qg3 Qc7 10. f4 b5 11. Bxf6 Bxf6 12. Bxb5 axb5 13. Ndxb5 Qb8 14. Nxd6+ Kf8 15. e5 Be7 16. Rhf1 g6 17. Qd3 Kg7 18. Nxc8 Rxc8 19. Qxd7 Bb4 20. f5 Bxc3 21. bxc3 Rxa2 22. f6+ Kg8 23. Qxc8+ Qxc8 24. Rf3 Ra1+ 25. Kd2 Rxd1+ 26. Kxd1 Qc5 27. Rd3 Qg1+ 28. Kd2 Qxg2+ 29. Kc1 h5 30. Rd8+ Kh7 31. Rf8 Qg1+ 32. Kb2 Qb6+ 33. Kc1 Qc7 34. h4 Qxe5 35. Rxf7+ Kh6 36. Rf8 Qf4+ 37. Kb2 Qxh4 38. Rh8+ Kg5 39. f7 Qf4 40. f8=Q Qxf8 41. Rxf8 h4 42. c4 h3 43. c5 h2 44. Rh8 Kf6 45. c6 Ke7 46. c7 h1=Q 47. Rxh1 Kd7 48. Rh7+ Kc8 49. Kc3 g5 50. Kd4 g4 51. Kc5 g3 52. Kc6 g2 53. Rh8# 1-0


[Site "https://www.chess.com"]

[Event "Titled Tuesday Blitz April 05 Late 2022"]
[White "Czopor, Maciej"]
[Black "Perera Alfonso, Rene Humberto"]
[WhiteFideId "21805431"]
[BlackFideId "3514722"]
[WhiteElo "2677"]
[BlackElo "2519"]
[Result "1-0"]
[Round "04"]
[TimeControl "180+1"]
[Date "2022.04.06"]
[WhiteClock "0:00:11"]
[BlackClock "0:01:05"]

1. d4 d5 2. c4 c6 3. Nf3 Nf6 4. g3 Bg4 5. Bg2 e6 6. O-O Nbd7 7. b3 Bd6 8. Bb2 O-O 9. Nbd2 Qe7 10. Qc2 a5 11. a3 Bf5 12. Qc1 h6 13. e3 Rfe8 14. Re1 Ne4 15. Nxe4 Bxe4 16. Nd2 Bxg2 17. Kxg2 Nf6 18. e4 dxe4 19. Nxe4 Nxe4 20. Rxe4 Rad8 21. Qc2 Rd7 22. a4 Bb4 23. Rd1 Red8 24. Qe2 Qg5 25. d5 Bf8 26. Rg4 Qf5 27. Rf4 Qg6 28. Bc3 cxd5 29. Bxa5 Ra8 30. Bc3 Rad8 31. cxd5 Rxd5 32. Rxd5 Rxd5 33. Qe4 f5 34. Qc4 Kh7 35. b4 Bd6 36. Rd4 Rxd4 37. Qxd4 e5 38. Qd5 b6 39. Bxe5 Bxe5 40. Qxe5 Qg4 41. a5 bxa5 42. bxa5 Kg6 43. a6 Qa4 44. Qe6+ Kh7 45. Qxf5+ Kh8 46. Qc8+ Kh7 47. Qb7 h5 48. a7 Qe4+ 49. Qxe4+ 1-0


[Site "https://www.chess.com"]

[Event "Titled Tuesday Blitz April 05 Late 2022"]
[White "Danilov, Vladimir"]
[Black "Andrews, Todd"]
[WhiteFideId "1203398"]
[BlackFideId "2012456"]
[WhiteElo "2227"]
[BlackElo "2294"]
[Result "1-0"]
[Round "04"]
[TimeControl "180+1"]
[Date "2022.04.06"]
[WhiteClock "0:01:57"]
[BlackClock "0:00:30"]

1. b3 Nf6 2. Bb2 g6 3. Bxf6 exf6 4. d4 f5 5. e3 Bg7 6. g3 O-O 7. Bg2 Nc6 8. c4 Re8 9. Ne2 a5 10. Nbc3 d6 11. Qd2 Bd7 12. Rd1 h5 13. h4 Rb8 14. O-O b6 15. Nf4 Ne7 16. c5 Bc6 17. Bxc6 Nxc6 18. cxb6 cxb6 19. Rc1 Rc8 20. Ncd5 b5 21. Rc2 b4 22. Rfc1 Na7 23. Qd3 Rxc2 24. Rxc2 g5 25. Nxh5 gxh4 26. Qxf5 hxg3 27. Nxg3 Re6 28. Rc7 Rg6 29. Qxf7+ Kh8 30. Qxg6 1-0


[Site "https://www.chess.com"]

[Event "Titled Tuesday Blitz April 05 Late 2022"]
[White "Davtyan, David Arm."]
[Black "D`Arruda, Ricardo D."]
[WhiteFideId "13310046"]
[BlackFideId "100692"]
[WhiteElo "2158"]
[BlackElo "2208"]
[Result "1-0"]
[Round "04"]
[TimeControl "180+1"]
[Date "2022.04.06"]
[WhiteClock "0:00:38"]
[BlackClock "0:01:25"]

1. c4 Nf6 2. Nc3 e5 3. g3 Nc6 4. Bg2 Bb4 5. d3 O-O 6. Bd2 d6 7. Nf3 Re8 8. O-O Bg4 9. Nd5 Bxd2 10. Qxd2 Nxd5 11. cxd5 Ne7 12. Ne1 Qd7 13. Nc2 Bh3 14. Ne3 Bxg2 15. Kxg2 c6 16. dxc6 bxc6 17. d4 e4 18. d5 c5 19. Rfd1 f5 20. b4 cxb4 21. Qxb4 g5 22. Rac1 f4 23. Nf1 f3+ 24. exf3 exf3+ 25. Kxf3 Qh3 26. Ne3 Rf8+ 27. Ke2 Qxh2 28. Ng4 Qh5 29. Rh1 Qe8 30. Nh6+ Kh8 31. Qd4+ 1-0


[Site "https://www.chess.com"]

[Event "Titled Tuesday Blitz April 05 Late 2022"]
[White "Degardin, Sylvain"]
[Black "Coelho, Ramyres Santana"]
[WhiteFideId "20623070"]
[BlackFideId "2120690"]
[WhiteElo "2156"]
[BlackElo "1888"]
[Result "1-0"]
[Round "04"]
[TimeControl "180+1"]
[Date "2022.04.06"]
[WhiteClock "0:00:42"]
[BlackClock "0:00:53"]

1. d4 Nf6 2. c4 g6 3. g3 Bg7 4. Bg2 d5 5. cxd5 Nxd5 6. Nf3 O-O 7. O-O c6 8. Nc3 Nxc3 9. bxc3 h6 10. e4 Be6 11. Qe2 Na6 12. Rb1 b5 13. Nd2 Bxa2 14. Ra1 Qa5 15. Nf3 Bc4 16. Rxa5 Bxe2 17. Rxa6 Bxf1 18. Kxf1 Rfd8 19. Ba3 e6 20. Bc5 Rd7 21. Nd2 e5 22. Nb3 exd4 23. cxd4 Rc8 24. e5 Bf8 25. Bh3 Bxc5 26. Bxd7 Rd8 27. Nxc5 Kf8 28. Rxa7 h5 29. Ke2 h4 30. Kd3 hxg3 31. hxg3 Kg7 32. Bxc6 Rh8 33. Bd5 Rh2 34. Rxf7+ Kh6 35. Rf8 Kg5 36. Be6 Rg2 37. Ne4+ Kh6 38. Rh8+ Kg7 39. Rg8+ Kh6 40. d5 b4 41. d6 b3 42. Bxb3 g5 43. d7 g4 44. d8=Q Kh7 45. Qh4# 1-0


[Site "https://www.chess.com"]

[Event "Titled Tuesday Blitz April 05 Late 2022"]
[White "Demchenko, Anton"]
[Black "Ovetchkin, Roman"]
[WhiteFideId "4160258"]
[BlackFideId "4119991"]
[WhiteElo "2539"]
[BlackElo "2409"]
[Result "1-0"]
[Round "04"]
[TimeControl "180+1"]
[Date "2022.04.05"]
[WhiteClock "0:01:36"]
[BlackClock "0:00:38"]

1. e4 c6 2. d4 d5 3. e5 Bf5 4. Bd3 Bxd3 5. Qxd3 e6 6. c3 c5 7. Ne2 Nc6 8. O-O Qb6 9. a3 Nge7 10. Nd2 Qa6 11. Qxa6 bxa6 12. b4 cxd4 13. cxd4 Nf5 14. Bb2 h5 15. Rfc1 Kd7 16. Nb3 Be7 17. Nf4 g6 18. Nd3 Rhc8 19. g3 Nd8 20. Ndc5+ Bxc5 21. Nxc5+ Ke7 22. Nxa6 Nc6 23. Rd1 f6 24. exf6+ Kxf6 25. Rac1 Nd6 26. Nc5 Nc4 27. Rxc4 dxc4 28. d5+ 1-0


[Site "https://www.chess.com"]

[Event "Titled Tuesday Blitz April 05 Late 2022"]
[White "Diaz Perez, Michel Alejandro"]
[Black "Miszler, Levente"]
[WhiteFideId "3517179"]
[BlackFideId "763276"]
[WhiteElo "2644"]
[BlackElo "2377"]
[Result "1-0"]
[Round "04"]
[TimeControl "180+1"]
[Date "2022.04.06"]
[WhiteClock "0:02:04"]
[BlackClock "0:01:39"]

1. d4 Nf6 2. Nf3 g6 3. c4 Bg7 4. Nc3 O-O 5. g3 d6 6. Bg2 Nbd7 7. O-O e5 8. Re1 Re8 9. h3 h6 10. e4 exd4 11. Nxd4 Nc5 12. Qc2 Ne6 13. Nde2 Nc5 14. Be3 b6 15. b4 Nb7 16. Nd4 a5 17. Nc6 Qd7 18. b5 Nc5 19. Rad1 Bb7 20. Bxc5 bxc5 21. e5 Nh5 22. Nd5 Kh8 23. g4 Bxc6 24. bxc6 Qxc6 25. gxh5 Bxe5 26. Nf6 1-0


[Site "https://www.chess.com"]

[Event "Titled Tuesday Blitz April 05 Late 2022"]
[White "Dimakiling, Oliver"]
[Black "Garagulya, Konstantin"]
[WhiteFideId "5202248"]
[BlackFideId "4128931"]
[WhiteElo "2666"]
[BlackElo "2499"]
[Result "1-0"]
[Round "04"]
[TimeControl "180+1"]
[Date "2022.04.06"]
[WhiteClock "0:01:24"]
[BlackClock "0:00:01"]

1. e4 c5 2. Nf3 a6 3. a4 Nc6 4. Bc4 e6 5. O-O d5 6. exd5 exd5 7. Re1+ Be7 8. Bf1 Nf6 9. d4 O-O 10. h3 h6 11. c3 Be6 12. Be3 c4 13. Nbd2 b5 14. Ne5 Qb6 15. b4 a5 16. bxa5 Rxa5 17. axb5 Rxb5 18. Ndxc4 dxc4 19. d5 Qc7 20. Nxc6 Rxd5 21. Nxe7+ Qxe7 22. Bd4 Rc8 23. Qf3 Qd8 24. Ra7 Rxd4 25. cxd4 Qxd4 26. Ra8 Qd8 27. Rxc8 Qxc8 28. Rc1 Bd5 29. Qe3 Qc6 30. Qd4 Kh8 31. Rc3 Ne4 32. Rc2 Nd6 33. Rd2 c3 34. Rc2 Ne4 35. f3 Bb3 36. Rc1 c2 37. fxe4 Qc7 38. e5 1-0


[Site "https://www.chess.com"]

[Event "Titled Tuesday Blitz April 05 Late 2022"]
[White "Do Valle Cardoso, Lucas"]
[Black "Jumabayev, Rinat"]
[WhiteFideId "2163144"]
[BlackFideId "13702661"]
[WhiteElo "2331"]
[BlackElo "2561"]
[Result "0-1"]
[Round "04"]
[TimeControl "180+1"]
[Date "2022.04.05"]
[WhiteClock "0:00:17"]
[BlackClock "0:00:59"]

1. e4 e6 2. d4 d5 3. Nc3 Nf6 4. Bg5 dxe4 5. Nxe4 Be7 6. Bxf6 gxf6 7. Nf3 a6 8. Bd3 f5 9. Ned2 b5 10. Qe2 Bb7 11. O-O-O Qd6 12. Rhe1 Nd7 13. g3 Bd5 14. Kb1 c5 15. c3 c4 16. Bc2 Rc8 17. Ne5 Nxe5 18. dxe5 Qc6 19. g4 b4 20. cxb4 c3 21. Nb3 cxb2 22. Nd4 Qc3 23. gxf5 Bxb4 24. fxe6 Bxa2+ 0-1


[Site "https://www.chess.com"]

[Event "Titled Tuesday Blitz April 05 Late 2022"]
[White "Estrada Nieto, Julian"]
[Black "Tregubov, Pavel V."]
[WhiteFideId "5101018"]
[BlackFideId "4115341"]
[WhiteElo "2364"]
[BlackElo "2609"]
[Result "0-1"]
[Round "04"]
[TimeControl "180+1"]
[Date "2022.04.06"]
[WhiteClock "0:00:01"]
[BlackClock "0:00:05"]

1. e4 e5 2. Nf3 Nf6 3. d4 Nxe4 4. Bd3 d5 5. Nxe5 Nd7 6. Nxd7 Bxd7 7. O-O Be7 8. Nc3 Nf6 9. Bg5 c6 10. Re1 O-O 11. h3 Re8 12. Qf3 Be6 13. Ne2 Nd7 14. Bxe7 Qxe7 15. Nf4 Qf6 16. Qe3 Nf8 17. Nh5 Qh4 18. Nf4 Bd7 19. Qd2 Qg5 20. Kh2 Ne6 21. g3 Nxf4 22. Qxf4 Qxf4 23. gxf4 Rxe1 24. Rxe1 Kf8 25. Kg3 Re8 26. Re3 g6 27. f5 gxf5 28. Kf4 Re6 29. Re5 Rh6 30. Kg3 f6 31. Re3 f4+ 32. Kxf4 Bxh3 33. Bf5 Bxf5 34. Kxf5 Kf7 35. Rg3 Rh2 36. Rf3 Rh5+ 37. Kg4 Rg5+ 38. Kf4 Kg6 39. Re3 Rf5+ 40. Kg3 Kf7 41. f4 Rh5 42. Rb3 b6 43. Ra3 a5 44. Rc3 c5 45. dxc5 d4 46. Rb3 Rxc5 47. Rxb6 Rxc2 48. Rb7+ Kg6 49. Rb5 d3 50. f5+ Kg5 51. Rd5 d2 52. a3 Rxb2 53. Rd4 h5 54. Kf3 h4 55. Ke3 h3 56. Rd8 h2 57. Rg8+ Kxf5 58. Rh8 d1=Q 0-1


[Site "https://www.chess.com"]